 Dungeon Crawl Stone Soup version 0.22.0-49-gab54619674 (webtiles) character file.

56146 olegrum the Thaumaturge (level 14, 0/166 HPs)
             Began as a Gnoll Skald on Aug 24, 2018.
             Was the Champion of Okawaru.
             Slain by a five-headed hydra (9 damage)
             ... on level 6 of the Lair of Beasts on Sept 3, 2018.
             The game lasted 01:16:42 (23888 turns).

olegrum the Thaumaturge (Gnoll Skald)              Turns: 23888, Time: 01:16:43

Health: 0/166      AC: 23    Str: 29    XL:     14   Next: 80%
Magic:  0/28       EV: 16    Int: 24    God:    Okawaru [******]
Gold:   746        SH:  0    Dex: 17    Spells: 23/34 levels left

rFire    + . .     SeeInvis +   C - +2 glaive of the Sun {elec, *Rage MR++ SInv Stlth+}
rCold    + . .     Gourm    .   (shield currently unavailable)
rNeg     . . .     Faith    .   a - +1 plate armour {rPois}
rPois    +         Spirit   +   P - +1 helmet
rElec    .         Reflect  .   K - -1 cloak of Weirdness {rCorr Str+6}
rCorr    +         Harm     .   t - +0 pair of gloves
MR       ++++.     Rnd*Rage +   f - +2 pair of boots
Stlth    ..........             D - amulet of guardian spirit
HPRegen  0.37/turn              T - +2 ring of evasion
MPRegen  0.21/turn              V - ring "Mathat" {rCorr rF+ rC+ Int+6}

@: berserking (expiring), singing, very quick
A: distributed training, fangs 1, agile 1, blurry vision 1, clever 1, magic
resistance 1, strong nose
a: Heroism, Finesse, Renounce Religion


You were on level 6 of the Lair of Beasts.
You worshipped Okawaru.
Okawaru was exalted by your worship.
You were not hungry.

You visited 3 branches of the dungeon, and saw 21 of its levels.
You also visited: Ossuary.

You collected 1442 gold pieces.
You spent 696 gold pieces at shops.

Inventory:

Hand Weapons
 v - the +7 hunting sling of Annoyance {speed, MR+ Str+3}
   (You found it on level 5 of the Dungeon)

   Attacks with this weapon are significantly faster.
   It affects your strength (+3).
   It affects your resistance to hostile enchantments.
 C - the +2 glaive of the Sun (weapon) {elec, *Rage MR++ SInv Stlth+}
   (You found it on level 12 of the Dungeon)

   Occasionally, upon striking a foe, it will discharge some electrical energy
   and cause terrible harm.
   It affects your resistance to hostile enchantments.
   It lets you see invisible.
   It may make you go berserk in combat.
   It makes you more stealthy.
 J - the +9 spear of Moral Flaws {flame, rPois MR+ Dex+4}
   (You found it on level 7 of the Dungeon)

   It has been specially enchanted to burn those struck by it, causing extra
   injury to most foes and up to half again as much damage against particularly
   susceptible opponents.
   It affects your dexterity (+4).
   It protects you from poison.
   It affects your resistance to hostile enchantments.
Missiles
 e - 6 javelins
 A - 211 sling bullets
 S - 3 steel javelins (quivered)
Armour
 a - a +1 plate armour of poison resistance (worn)
 f - a +2 pair of boots (worn)
 t - a +0 pair of gloves (worn)
 K - the -1 cloak of Weirdness (worn) {rCorr Str+6}
   (You found it on level 7 of the Dungeon)

   It affects your strength (+6).
   It provides partial protection from all sources of acid and corrosion.
 P - a +1 helmet (worn)
 W - a scarf of repulsion
 Z - the +9 plate armour "Huekih" {*Slow rF++}
   (You found it on level 11 of the Dungeon)

   It greatly protects you from fire.
   It may slow you when you take damage.
Jewellery
 c - an uncursed ring of protection from cold
 y - an uncursed ring of resist corrosion
 D - an amulet of guardian spirit (around neck)
 G - an uncursed ring of protection from fire
 Q - an uncursed ring of flight
 T - a +2 ring of evasion (left hand)
 V - the ring "Mathat" (right hand) {rCorr rF+ rC+ Int+6}
   (You bought it in a shop on level 10 of the Dungeon)

   [ring of resist corrosion]

   It affects your intelligence (+6).
   It protects you from fire.
   It protects you from cold.
Wands
 q - a wand of clouds (6)
 E - a wand of disintegration (11)
 F - a wand of acid (11)
 H - a wand of random effects (12)
 I - a wand of enslavement (29)
 N - a wand of flame (4)
 R - a wand of iceblast (11)
 Y - a wand of digging (9)
Scrolls
 b - 2 scrolls of enchant weapon
 i - 12 scrolls of teleportation
 m - 9 scrolls of immolation
 n - 6 scrolls of remove curse
 o - a scroll of silence
 p - a scroll of identify
 r - 4 scrolls of magic mapping
 s - a scroll of fear
 w - 2 scrolls of amnesia
 B - a scroll of fog
 U - 3 scrolls of enchant armour
Potions
 g - 6 potions of lignification
 h - 5 potions of heal wounds
 j - 3 potions of brilliance
 k - 2 potions of resistance
 l - a potion of cancellation
 u - a potion of might
 x - 3 potions of haste
 z - a potion of magic {unknown}
 M - a potion of curing
Comestibles
 d - 29 rations


   Skills:
 + Level 10.4 Fighting
 + Level 9.3 Short Blades
 + Level 9.3 Long Blades
 + Level 9.3 Axes
 + Level 10.4 Maces & Flails
 + Level 9.3 Polearms
 + Level 9.3 Staves
 + Level 9.3 Slings
 + Level 9.3 Bows
 + Level 9.3 Crossbows
 + Level 9.3 Throwing
 + Level 9.7 Armour
 + Level 10.4 Dodging
 + Level 9.3 Stealth
 + Level 9.3 Shields
 + Level 9.3 Unarmed Combat
 + Level 10.5 Spellcasting
 + Level 7.8 Conjurations
 + Level 7.8 Hexes
 + Level 9.6 Charms
 + Level 7.8 Summonings
 + Level 7.8 Necromancy
 + Level 7.8 Translocations
 + Level 7.8 Transmutations
 + Level 7.8 Fire Magic
 + Level 7.8 Ice Magic
 + Level 7.8 Air Magic
 + Level 7.8 Earth Magic
 + Level 7.8 Poison Magic
 + Level 10.2 Invocations
 + Level 9.3 Evocations


You had 23 spell levels left.
You knew the following spells:

 Your Spells              Type           Power        Failure   Level  Hunger
a - Infusion              Chrm           ####         1%          1    None
b - Song of Slaying       Chrm           ######..     1%          2    None
c - Shroud of Golubria    Chrm/Tloc      ######....   1%          2    None
d - Regeneration          Chrm/Necr      ######....   3%          3    None
e - Spectral Weapon       Hex/Chrm       ######..     3%          3    None

Your spell library contained the following spells:

 Spells                   Type           Power        Failure   Level  Hunger
 Corona                   Hex            ######.      1%          1    None
 Flame Tongue             Conj/Fire      #####        1%          1    None
 Magic Dart               Conj           ####         1%          1    None
 Blink                    Tloc           N/A          2%          2    None
 Call Imp                 Summ           ######..     2%          2    None
 Ensorcelled Hibernation  Hex/Ice        ######       2%          2    None
 Searing Ray              Conj           ######       2%          2    None
 Slow                     Hex            ######..     2%          2    None
 Throw Flame              Conj/Fire      ######       2%          2    None
 Confuse                  Hex            ######..     4%          3    None
 Conjure Flame            Conj/Fire      ######..     4%          3    None
 Dazzling Spray           Conj/Hex       ######       4%          3    None
 Inner Flame              Hex/Fire       ######..     4%          3    None
 Mephitic Cloud           Conj/Pois/Air  ######..     4%          3    None
 Tukima's Dance           Hex            ######..     4%          3    None
 Force Lance              Conj/Tloc      ######..     16%         4    None
 Fulminant Prism          Conj/Hex       ######....   16%         4    None
 Iskenderun's Mystic Bla  Conj           ######..     16%         4    None
 Sticky Flame             Conj/Fire      ######..     16%         4    None
 Fireball                 Conj/Fire      ######....   38%         5    ####...


Dungeon Overview and Level Annotations

Branches:
Dungeon (14/15)            Temple (1/1) D:4            Lair (6/6) D:9
  Swamp (0/4) Lair:3       Spider (0/4) Lair:2        Slime (0/5) Lair:5
    Orc (0/2) D:11
 Vaults: D:13-14

Altars:
Ashenzari
Cheibriados
Dithmenos
Hepliaklqana
Kikubaaqudgha
Makhleb
Nemelex Xobeh
Okawaru
Ru
Sif Muna
Uskayaw
Vehumet
Xom
Yredelemnul
Zin
The Shining One

Shops:
D:10 =

Annotations:
D:5 1 runed door, mora's ghost, novice GnFE
Lair:5 exclusion: oklob plant


Innate Abilities, Weirdness & Mutations

Your experience applies equally to all skills.
You have very sharp teeth.
Your uncanny sense of smell can sniff out nearby items.
You are agile. (Dex +2)
Scrolls take you a little longer to read.
Your mind is acute. (Int +2)
You are resistant to hostile enchantments. (MR+)


Message History

You completely miss the death yak. You bite the death yak!
The death yak is lightly wounded.
The death yak gores you but does no damage.
The five-headed hydra bites you but does no damage.
The five-headed hydra barely misses you.
The five-headed hydra misses you.
The five-headed hydra bites you but does no damage.
The five-headed hydra closely misses you.
You hit the death yak.
The death yak is moderately wounded.
The death yak gores you!
* * * LOW HITPOINT WARNING * * *
You slice the death yak!!
You bite the death yak, but do no damage.
The death yak is heavily wounded.
The five-headed hydra misses you.
The five-headed hydra closely misses you.
The five-headed hydra bites you but does no damage. x2
The five-headed hydra bites you!
You die...

#.8... ∆∆ #. #. .÷....
∆ ∆∆ #. #. #....# ∆ ##.
#.##....## ∆ #..
#.#...Y..# ##..
##..÷.YY..#. ###..#
#....÷......∆ ###†..##
##....### ∆ ###.....#
#....YD@#######......##
###..##Y.P.......÷.P##
### ##..P........##
##P...####### ######


You could see 2 death yaks and a five-headed hydra.

Vanquished Creatures
  Frances (D:13)
  Snorg (Lair:6)
  Harold (D:8)
  Erolcha (D:10)
  A centaur warrior (D:13)
  3 hydras
  A catoblepas (Lair:6)
  4 two-headed ogres
  A tengu warrior (D:10)
  3 death yaks (Lair:6)
  2 unseen horrors (D:13)
  A lindwurm (Lair:5)
  A deep elf mage (D:12)
  A cyclops (D:11)
  Maurice (D:8)
  13 elephants
  4 black mambas
  2 torpor snails
  3 gargoyles
  11 spiny frogs
  A kobold demonologist (D:13)
  7 komodo dragons
  3 rime drakes
  A tengu conjurer (D:10)
  2 trolls (D:10)
  3 polar bears (Lair:6)
  A hornet (D:8)
  21 blink frogs
  3 bog bodies (Lair:3)
  Prince Ribbit (D:9)
  6 dream sheep
  13 hippogriffs
  An air elemental (D:11)
  A shadow (D:10)
  Sigmund (D:4)
  A spriggan (D:7)
  4 basilisks
  2 vampires (D:13)
  A fire elemental (D:11)
  35 yaks
  A steam dragon (Lair:5)
  Eustachio (D:4)
  2 vampire mosquitoes (D:13)
  5 water moccasins
  5 porcupines
  2 ice beasts
  3 black bears
  13 orc warriors
  A sky beast (D:12)
  2 phantoms
  6 ogres
  17 wolves
  A necrophage (D:13)
  5 centaurs
  12 crocodiles
  8 bullfrogs
  2 elf zombies (Ossuary)
  A wyvern zombie (D:7)
  An earth elemental (D:11)
  A wyvern skeleton (D:9)
  6 scorpions
  6 killer bees (D:12)
  5 wights
  7 electric eels
  7 howler monkeys
  4 crimson imps
  3 bullfrog zombies
  4 centaur zombies
  A human zombie (Ossuary)
  10 orc priests
  3 hounds
  4 jellies
  16 orc wizards
  3 centaur skeletons
  2 bullfrog skeletons
  4 iguanas
  8 worker ants
  A big kobold zombie (Ossuary)
  4 hound zombies (Ossuary)
  3 mummies (Ossuary)
  13 gnolls
  2 river rats (D:4)
  11 adders
  A shadow imp (D:11)
  2 oozes
  6 adder zombies (Ossuary)
  2 adder skeletons (D:4)
  3 worms
  A dart slug (D:1)
  3 leopard geckos
  67 orcs
  3 ball pythons
  6 bats
  6 giant cockroaches
  3 goblins
  9 hobgoblins
  10 jackals (D:3)
  4 kobolds
  9 quokkas
  5 frilled lizards
  2 gnoll zombies (Ossuary)
  3 goblin zombies (Ossuary)
  4 hobgoblin zombies (Ossuary)
  5 jackal zombies
  2 kobold zombies (Ossuary)
  2 leopard gecko skeletons
  3 orc zombies (Ossuary)
  A quokka skeleton (D:4)
  2 quokka zombies (Ossuary)
  7 rats
  2 rat zombies (Ossuary)
553 creatures vanquished.

Vanquished Creatures (collateral kills)
  4 jackals (D:6)
4 creatures vanquished.

Vanquished Creatures (others)
  A water elemental (D:11)
  9 fungi
  2 plants (Lair:6)
  5 spectral weapons
17 creatures vanquished.

Grand Total: 574 creatures vanquished

Notes
Turn   | Place    | Note
-------+----------+-------------------------------------------
     0 | D:1      | olegrum the Gnoll Skald began the quest for the Orb.
     0 | D:1      | Reached XP level 1. HP: 20/20 MP: 6/6
   110 | D:1      | Found a shattered altar of Ashenzari.
   114 | D:1      | Reached XP level 2. HP: 20/26 MP: 7/7
   659 | D:2      | Learned a level 2 spell: Song of Slaying
   662 | D:2      | Learned a level 2 spell: Shroud of Golubria
   677 | D:2      | Reached skill level 5 in Spellcasting
   677 | D:2      | Reached XP level 3. HP: 31/31 MP: 7/9
   772 | D:2      | Reached skill level 1 in Invocations
   936 | D:2      | Reached skill level 1 in Short Blades
   936 | D:2      | Reached skill level 1 in Long Blades
   936 | D:2      | Reached skill level 1 in Axes
   936 | D:2      | Reached skill level 1 in Polearms
   936 | D:2      | Reached skill level 1 in Staves
   936 | D:2      | Reached skill level 1 in Slings
   936 | D:2      | Reached skill level 1 in Bows
   936 | D:2      | Reached skill level 1 in Crossbows
   936 | D:2      | Reached skill level 1 in Throwing
   936 | D:2      | Reached skill level 1 in Stealth
   936 | D:2      | Reached skill level 1 in Shields
   936 | D:2      | Reached skill level 1 in Unarmed Combat
   936 | D:2      | Reached skill level 1 in Evocations
   936 | D:2      | Reached XP level 4. HP: 27/38 MP: 11/11
  1648 | D:3      | Reached skill level 1 in Conjurations
  1648 | D:3      | Reached skill level 1 in Hexes
  1648 | D:3      | Reached skill level 1 in Summonings
  1648 | D:3      | Reached skill level 1 in Necromancy
  1648 | D:3      | Reached skill level 1 in Translocations
  1648 | D:3      | Reached skill level 1 in Transmutations
  1648 | D:3      | Reached skill level 1 in Fire Magic
  1648 | D:3      | Reached skill level 1 in Ice Magic
  1648 | D:3      | Reached skill level 1 in Air Magic
  1648 | D:3      | Reached skill level 1 in Earth Magic
  1648 | D:3      | Reached skill level 1 in Poison Magic
  1879 | D:3      | Reached XP level 5. HP: 29/43 MP: 8/12
  2044 | D:3      | Reached XP level 6. HP: 32/50 MP: 13/13
  2441 | D:3      | Found a glowing golden altar of the Shining One.
  2646 | D:4      | Found a staircase to the Ecumenical Temple.
  2652 | D:4      | Noticed Eustachio
  2659 | Temple   | Entered the Ecumenical Temple
  2665 | Temple   | Became a worshipper of Warmaster Okawaru
  2680 | D:4      | Killed Eustachio
  2680 | D:4      | Reached skill level 5 in Fighting
  2680 | D:4      | Reached skill level 5 in Maces & Flails
  2680 | D:4      | Reached skill level 5 in Dodging
  2704 | D:4      | Found a shimmering altar of Xom.
  3040 | D:4      | Reached XP level 7. HP: 41/56 MP: 10/15
  3515 | D:4      | Reached * piety under Okawaru
  3654 | D:4      | Noticed Sigmund
  3675 | D:4      | Killed Sigmund
  3675 | D:4      | Reached XP level 8. HP: 33/63 MP: 9/16
  3838 | D:4      | Found a sparkling altar of Nemelex Xobeh.
  4142 | D:5      | Entered Level 5 of the Dungeon
  4204 | D:5      | Found a runed door.
  4207 | D:5      | Noticed mora's ghost (novice GnFE)
  4316 | D:5      | Got a dazzling hunting sling
  4317 | D:5      | Identified the +7 hunting sling of Annoyance {speed, MR+
                  | Str+3} (You found it on level 5 of the Dungeon)
  5010 | D:6      | Found a glowing golden altar of the Shining One.
  5144 | D:6      | Reached ** piety under Okawaru
  5332 | D:6      | Found a sand-covered staircase.
  5337 | Ossuary  | Entered an ossuary
  5480 | Ossuary  | Reached XP level 9. HP: 64/69 MP: 0/18
  6361 | D:7      | Found a shadowy altar of Dithmenos.
  6380 | D:7      | Got a jewelled spear
  6381 | D:7      | Identified the +9 spear of Moral Flaws {flame, rPois MR+
                  | Dex+4} (You found it on level 7 of the Dungeon)
  6414 | D:7      | Got a dazzling cloak
  6415 | D:7      | Identified the cursed -1 cloak of Weirdness {rCorr Str+6}
                  | (You found it on level 7 of the Dungeon)
  6615 | D:7      | Learned a level 3 spell: Regeneration
  6619 | D:7      | Learned a level 3 spell: Spectral Weapon
  6757 | D:7      | Reached *** piety under Okawaru
  6766 | D:7      | Reached skill level 5 in Armour
  6814 | D:7      | Found a burning altar of Makhleb.
  7274 | D:8      | Noticed Maurice
  7310 | D:8      | Killed Maurice
  7522 | D:8      | Reached skill level 5 in Invocations
  7526 | D:8      | Noticed Harold
  7539 | D:8      | Killed Harold
  7539 | D:8      | Reached **** piety under Okawaru
  7539 | D:8      | Reached XP level 10. HP: 61/77 MP: 6/20
  7575 | D:8      | Found a hazy altar of Hepliaklqana.
  7604 | D:8      | Found a sacrificial altar of Ru.
  7720 | D:8      | Reached skill level 5 in Short Blades
  7720 | D:8      | Reached skill level 5 in Long Blades
  7720 | D:8      | Reached skill level 5 in Axes
  7720 | D:8      | Reached skill level 5 in Polearms
  7720 | D:8      | Reached skill level 5 in Staves
  7720 | D:8      | Reached skill level 5 in Slings
  7720 | D:8      | Reached skill level 5 in Bows
  7720 | D:8      | Reached skill level 5 in Crossbows
  7720 | D:8      | Reached skill level 5 in Throwing
  7720 | D:8      | Reached skill level 5 in Stealth
  7720 | D:8      | Reached skill level 5 in Shields
  7720 | D:8      | Reached skill level 5 in Unarmed Combat
  7720 | D:8      | Reached skill level 5 in Evocations
  7956 | D:8      | Paralysed by a hornet for 3 turns
  7964 | D:8      | Paralysed by a hornet for 3 turns
  8512 | D:9      | Noticed Prince Ribbit
  8521 | D:9      | Killed Prince Ribbit
  8521 | D:9      | Received a gift from Okawaru
  8611 | D:9      | Noticed a two-headed ogre
  8623 | D:9      | Killed a two-headed ogre
  8623 | D:9      | Received a gift from Okawaru
  8743 | D:9      | Reached ***** piety under Okawaru
  8748 | D:9      | Found a staircase to the Lair.
  9264 | D:9      | Noticed a gargoyle
  9270 | D:9      | Killed a gargoyle
  9457 | D:10     | Entered Level 10 of the Dungeon
  9588 | D:10     | Noticed a two-headed ogre
  9595 | D:10     | Killed a two-headed ogre
  9595 | D:10     | Received a gift from Okawaru
  9595 | D:10     | Reached XP level 11. HP: 84/84 MP: 18/22
  9947 | D:10     | Noticed a two-headed ogre
  9956 | D:10     | Killed a two-headed ogre
  9956 | D:10     | Reached skill level 5 in Conjurations
  9956 | D:10     | Reached skill level 5 in Hexes
  9956 | D:10     | Reached skill level 5 in Summonings
  9956 | D:10     | Reached skill level 5 in Necromancy
  9956 | D:10     | Reached skill level 5 in Translocations
  9956 | D:10     | Reached skill level 5 in Transmutations
  9956 | D:10     | Reached skill level 5 in Fire Magic
  9956 | D:10     | Reached skill level 5 in Ice Magic
  9956 | D:10     | Reached skill level 5 in Air Magic
  9956 | D:10     | Reached skill level 5 in Earth Magic
  9956 | D:10     | Reached skill level 5 in Poison Magic
 10351 | D:10     | Noticed Erolcha
 10358 | D:10     | Killed Erolcha
 10511 | D:10     | Found Fenuth's Jewellery Shop.
 10520 | D:10     | Bought the ring "Mathat" {rCorr rF+ rC+ Int+6} for 696 gold
                  | pieces
 10713 | D:10     | Noticed a tengu warrior
 10723 | D:10     | Killed a tengu warrior
 10723 | D:10     | Received a gift from Okawaru
 10815 | D:10     | Upgraded the game from 0.22.0-35-ge4bf2f5f59 to
                  | 0.22.0-36-g8e74550d25
 10941 | D:11     | Noticed an eight-headed hydra
 11630 | D:10     | Killed an eight-headed hydra
 11851 | D:11     | Noticed a cyclops
 12035 | D:11     | Killed a cyclops
 12267 | D:11     | Reached XP level 12. HP: 93/93 MP: 24/24
 12326 | D:11     | Found a staircase to the Orcish Mines.
 12794 | D:11     | Found a large runed door.
 12821 | D:11     | Got a faintly glowing plate armour
 12864 | D:11     | Gained mutation: You are dopey. (Int -2) [potion of
                  | mutation]
 12864 | D:11     | Gained mutation: You are very dopey. (Int -4) [potion of
                  | mutation]
 12864 | D:11     | Gained mutation: Your muscles are strong. (Str +2) [potion
                  | of mutation]
 12908 | D:11     | Found a large runed door.
 13480 | D:11     | Identified the +9 plate armour "Huekih" {*Slow rF++} (You
                  | found it on level 11 of the Dungeon)
 13569 | D:12     | Noticed a two-headed ogre
 13575 | D:12     | Killed a two-headed ogre
 13828 | D:12     | Reached ****** piety under Okawaru
 13828 | D:12     | Received a gift from Okawaru
 13971 | D:12     | Got a fine glaive
 13972 | D:12     | Identified the cursed +2 glaive of the Sun {elec, *Rage
                  | MR++ SInv Stlth+} (You found it on level 12 of the Dungeon)
 14042 | D:12     | Found a deep blue altar of Sif Muna.
 14432 | D:13     | Noticed Frances
 14446 | D:13     | Killed Frances
 14446 | D:13     | Received a gift from Okawaru
 14446 | D:13     | Received a gift from Okawaru
 14881 | D:13     | Noticed a centaur warrior
 14896 | D:13     | Killed a centaur warrior
 15102 | D:13     | Reached XP level 13. HP: 101/101 MP: 26/26
 15255 | D:13     | Received a gift from Okawaru
 15569 | Lair:1   | Entered Level 1 of the Lair of Beasts
 16709 | Lair:2   | Found an ancient bone altar of Kikubaaqudgha.
 16850 | Lair:2   | Found a hole to the Spider Nest.
 17607 | Lair:2   | Lost mutation: You are very dopey. (Int -4) [potion of
                  | mutation]
 17607 | Lair:2   | Lost mutation: Your muscles are strong. (Str +2) [potion of
                  | mutation]
 17607 | Lair:2   | Gained mutation: You are very dopey. (Int -4) [potion of
                  | mutation]
 17607 | Lair:2   | Gained mutation: You are partially covered in thin metallic
                  | scales. (AC +2) [potion of mutation]
 17607 | Lair:2   | Gained mutation: You expend magic power (3 MP) to
                  | strengthen your wands. [potion of mutation]
 17608 | Lair:2   | Lost mutation: You are partially covered in thin metallic
                  | scales. (AC +2) [potion of mutation]
 17608 | Lair:2   | Lost mutation: You are very dopey. (Int -4) [potion of
                  | mutation]
 17608 | Lair:2   | Lost mutation: You are dopey. (Int -2) [potion of mutation]
 17608 | Lair:2   | Lost mutation: You expend magic power (3 MP) to strengthen
                  | your wands. [potion of mutation]
 17608 | Lair:2   | Gained mutation: You are resistant to hostile enchantments.
                  | (MR+) [potion of mutation]
 17608 | Lair:2   | Gained mutation: You are agile. (Dex +2) [potion of
                  | mutation]
 17608 | Lair:2   | Gained mutation: Scrolls take you a little longer to read.
                  | [potion of mutation]
 17608 | Lair:2   | Gained mutation: Your mind is acute. (Int +2) [potion of
                  | mutation]
 19092 | Lair:3   | Found a staircase to the Swamp.
 20314 | Lair:4   | Upgraded the game from 0.22.0-36-g8e74550d25 to
                  | 0.22.0-49-gab54619674
 21349 | Lair:5   | Received a gift from Okawaru
 21358 | Lair:5   | Reached skill level 10 in Spellcasting
 21418 | Lair:5   | Reached XP level 14. HP: 82/109 MP: 11/28
 21425 | Lair:5   | Received a gift from Okawaru
 21550 | Lair:5   | Received a gift from Okawaru
 21956 | Lair:5   | Found a staircase to the Slime Pits.
 22129 | Lair:6   | Entered Level 6 of the Lair of Beasts
 22150 | Lair:6   | Noticed Snorg
 22154 | Lair:6   | Reached skill level 10 in Fighting
 22154 | Lair:6   | Reached skill level 10 in Maces & Flails
 22154 | Lair:6   | Reached skill level 10 in Dodging
 22171 | Lair:6   | Killed Snorg
 22560 | Lair:6   | Received a gift from Okawaru
 23058 | Lair:6   | Received a gift from Okawaru
 23222 | Lair:6   | Reached skill level 10 in Invocations
 23241 | Lair:6   | Received a gift from Okawaru
 23881 | Lair:6   | Received a gift from Okawaru
 23887 | Lair:6   | HP: 8/166 [death yak (9)]
 23888 | Lair:6   | Slain by a five-headed hydra

Skill      XL: |  1  2  3  4  5  6  7  8  9 10 11 12 13 14 |
---------------+-------------------------------------------+-----
Spellcasting   | 5 6 7 8 9 10 | 10.5
Invocations    | 1 2 3 4 5 6 7 8 9 10 | 10.2
Short Blades   | 1 2 3 4 5 6 7 8 9 |  9.3
Long Blades    | 1 2 3 4 5 6 7 8 9 |  9.3
Axes           | 1 2 3 4 5 6 7 8 9 |  9.3
Polearms       | 1 2 3 4 5 6 7 8 9 |  9.3
Staves         | 1 2 3 4 5 6 7 8 9 |  9.3
Slings         | 1 2 3 4 5 6 7 8 9 |  9.3
Bows           | 1 2 3 4 5 6 7 8 9 |  9.3
Crossbows      | 1 2 3 4 5 6 7 8 9 |  9.3
Throwing       | 1 2 3 4 5 6 7 8 9 |  9.3
Stealth        | 1 2 3 4 5 6 7 8 9 |  9.3
Shields        | 1 2 3 4 5 6 7 8 9 |  9.3
Unarmed Combat | 1 2 3 4 5 6 7 8 9 |  9.3
Evocations     | 1 2 3 4 5 6 7 8 9 |  9.3
Conjurations   | 1 2 3 4 5 6 7 |  7.8
Hexes          | 1 2 3 4 5 6 7 |  7.8
Summonings     | 1 2 3 4 5 6 7 |  7.8
Necromancy     | 1 2 3 4 5 6 7 |  7.8
Translocations | 1 2 3 4 5 6 7 |  7.8
Transmutations | 1 2 3 4 5 6 7 |  7.8
Fire Magic     | 1 2 3 4 5 6 7 |  7.8
Ice Magic      | 1 2 3 4 5 6 7 |  7.8
Air Magic      | 1 2 3 4 5 6 7 |  7.8
Earth Magic    | 1 2 3 4 5 6 7 |  7.8
Poison Magic   | 1 2 3 4 5 6 7 |  7.8
Armour         | 3 4 5 6 7 8 9 |  9.7
Fighting       | 5 6 7 8 9 10 | 10.4
Maces & Flails | 5 6 7 8 9 10 | 10.4
Dodging        | 5 6 7 8 9 10 | 10.4
Charms         | 6 7 8 9 |  9.6

Action                   |  1- 3 |  4- 6 |  7- 9 | 10-12 | 13-15 || total
-------------------------+-------+-------+-------+-------+-------++-------
Melee: Mace              |    80 |   115 |       |       |       ||   195
       Bite              |     5 |    16 |    35 |    69 |    98 ||   223
       Punch             |     1 |     1 |    10 |     2 |       ||    14
       Morningstar       |       |    71 |   236 |       |       ||   307
       Spear             |       |       |    62 |   342 |     5 ||   409
       Glaive            |       |       |       |   144 |   614 ||   758
 Fire: Hunting sling     |       |       |    78 |   121 |    23 ||   222
Throw: Javelin           |    10 |       |    16 |    19 |     4 ||    49
       Tomahawk          |       |     5 |     1 |     2 |       ||     8
 Cast: Infusion          |     1 |     7 |     8 |     8 |    15 ||    39
       Song of Slaying   |       |     6 |     8 |     3 |    11 ||    28
       Shroud of Golubri |       |     6 |     3 |     5 |     4 ||    18
       Spectral Weapon   |       |       |     3 |    19 |     5 ||    27
       Regeneration      |       |       |       |     2 |       ||     2
Invok: Heroism           |       |       |       |       |     2 ||     2
       Finesse           |       |       |       |       |     2 ||     2
  Use: Scroll            |       |     5 |    11 |     7 |     4 ||    27
       Potion            |       |       |       |    13 |     4 ||    17
 Stab: Sleeping          |       |     2 |     6 |     3 |       ||    11
       Distracted        |       |       |     1 |     3 |       ||     4
  Eat: Chunk             |       |     7 |     8 |    14 |    10 ||    39
       Ration            |       |       |     2 |     3 |     6 ||    11
Armor: Leather armour    |    39 |   122 |    31 |       |       ||   192
       Ring mail         |       |       |    94 |    26 |       ||   120
       Plate armour      |       |       |       |   257 |   567 ||   824
Dodge: Dodged            |    68 |   372 |   276 |   346 |   743 ||  1805
Block: Buckler           |       |       |       |    46 |       ||    46
